 Dungeon Crawl Stone Soup version 0.30.1-11-g7821555f0a (webtiles) character file.

Game seed: 3328724377999959657

39 SacredBeard the Grave Robber (level 3, -3/24 HPs)
             Began as a Demonspawn Necromancer on Nov 4, 2023.
             Slain by a +4 dagger of Jewioxti {spect, Fly rC- Dex+4} (9 damage)
             ... created by a kobold
             ... on level 2 of the Dungeon.
             The game lasted 00:02:57 (1330 turns).

SacredBeard the Grave Robber (DsNe)                 Turns: 1330, Time: 00:02:58

Health: -3/24      AC:  4    Str:  8    XL:     3   Next: 28%
Magic:  2/6        EV: 12    Int: 16    God:
Gold:   64         SH:  0    Dex: 17    Spells: 5/6 levels left

rFire   . . .        q - +2 dagger (venom)
rCold   . . .        (no shield)
rNeg    . . .        a - +0 robe
rPois   .            (no helmet)
rElec   .            (no cloak)
rCorr   .            h - +1 pair of gloves
SInv    .            (no boots)
Will    .....        (no amulet)
Stlth   +++          (no ring)
HPRegen 0.24/turn    (no ring)
MPRegen 0.10/turn

%: no passive effects
@: no status effects
A: hooves 1, thin skeletal structure 1
a: no special abilities


You were on level 2 of the Dungeon.
You visited 1 branch of the dungeon, and saw 2 of its levels.

You collected 64 gold pieces.

Inventory:

Hand Weapons
 q - a +2 dagger of venom (weapon)
Armour
 a - a +0 robe (worn)
 h - a +1 pair of gloves (worn)
Jewellery
 o - a ring of ice
Scrolls
 i - a scroll of amnesia {unknown}
 j - a scroll of identify {unknown}
 k - a scroll of enchant armour {unknown}
 l - 2 scrolls of teleportation {unknown}
 m - a scroll of acquirement {unknown}
 n - a scroll of vulnerability {unknown}
 p - a scroll of brand weapon {unknown}
Potions
 b - a potion of magic
 d - 2 potions of brilliance {unknown}
 e - a potion of ambrosia {unknown}
 f - 2 potions of curing {unknown}
 g - a potion of mutation {unknown}


   Skills:
 + Level 0.8 Armour
 + Level 2.2 Dodging
 + Level 2.2 Stealth
 + Level 2.3 Spellcasting
 + Level 4.6 Necromancy


You had 5 spell levels left.
You knew the following spells:

 Your Spells              Type           Power      Damage    Failure   Level
a - Necrotise             Necr           64%        1d7       3%          1

Your spell library contained the following spells:

 Spells                   Type           Power      Damage    Failure   Level
 Vampiric Draining        Necr           16%        2d7       9%          3
 Animate Dead             Necr           16%        N/A       28%         4
 Agony                    Necr           16%        N/A       63%         5


Dungeon Overview and Level Annotations

Branches:
Dungeon (2/15) Zot: 10670

Altars:


Innate Abilities, Weirdness & Mutations

You have large cloven feet.
You have a somewhat thin skeletal structure. (Dex +2, Stealth+)


Message History

You hear a shout!
The adder writhes in agony.
The adder bites you but does no damage.
The adder writhes in agony.
The adder barely misses you.
A kobold comes into view.
It is wielding the +4 dagger of Jewioxti {spect, Fly rC- Dex+4}.
The adder writhes in agony.
You kill the adder!
The dead are slithering!
The bat hits you but does no damage. The bat hits your adder skeleton.
The bat barely resists.
The bat barely misses you.
The bat barely misses your adder skeleton.
You can't see any susceptible monsters within range! (Use Z to cast anyway.)
You can't see any susceptible monsters within range! (Use Z to cast anyway.)
You can't see any susceptible monsters within range! (Use Z to cast anyway.)
You swap places.
The kobold hits you with the +4 dagger of Jewioxti {spect, Fly rC- Dex+4}.
The +4 dagger of Jewioxti {spect, Fly rC- Dex+4} hits you.
The bat barely misses you.
A +4 dagger of Jewioxti {spect, Fly rC- Dex+4} comes into view.
You are too injured to fight recklessly!
You are too injured to fight recklessly!
You are too injured to fight recklessly!
You swap places.
The bat closely misses your adder skeleton.
The kobold barely misses your adder skeleton.
The +4 dagger of Jewioxti {spect, Fly rC- Dex+4} hits your adder skeleton!
Your adder skeleton bites the +4 dagger of Jewioxti {spect, Fly rC- Dex+4} but does no damage.
The bat hits your adder skeleton.
The kobold hits your adder skeleton with the +4 dagger of Jewioxti {spect, Fly rC- Dex+4}.
Your adder skeleton is destroyed!
The +4 dagger of Jewioxti {spect, Fly rC- Dex+4} disappears.
You closely miss the kobold. Your kick misses the kobold.
The kobold hits you but does no damage.
The +4 dagger of Jewioxti {spect, Fly rC- Dex+4} hits you.
A +4 dagger of Jewioxti {spect, Fly rC- Dex+4} comes into view.
You closely miss the kobold. Your kick misses the kobold.
The +4 dagger of Jewioxti {spect, Fly rC- Dex+4} hits you.
The kobold hits you with the +4 dagger of Jewioxti {spect, Fly rC- Dex+4}.
* * * LOW HITPOINT WARNING * * *
The +4 dagger of Jewioxti {spect, Fly rC- Dex+4} hits you!
You die...

## .... .###### ....
......### .....
.####...#### .....
## ###....#######
......
####.......##......
#######@#.......
#(K.......
###....... .......
...?... ##########
.......
#........####.#.....
##....##......######
####....##.......


You could see a +4 dagger of Jewioxti {spect, Fly rC- Dex+4} and a kobold.

Vanquished Creatures
  An adder (D:2)
  A worm (D:2)
  A dart slug (D:1)
  3 endoplasms
  A giant cockroach (D:1)
  4 goblins
  3 hobgoblins
  4 kobolds
  A quokka (D:1)
  A ball python (D:1)
  2 bats (D:1)
  2 rats
24 creatures vanquished.

Notes
Turn   | Place    | Note
-------+----------+-------------------------------------------
     0 | D:1      | SacredBeard the Demonspawn Necromancer began the quest for
                  | the Orb.
     0 | D:1      | Reached XP level 1. HP: 13/13 MP: 3/3
   423 | D:1      | Gained mutation: You have a somewhat thin skeletal
                  | structure. (Dex +2, Stealth+) [demonic ancestry]
   423 | D:1      | Reached XP level 2. HP: 17/19 MP: 1/5
  1190 | D:2      | Gained mutation: You have large cloven feet. [demonic
                  | ancestry]
  1190 | D:2      | Reached XP level 3. HP: 24/24 MP: 0/6
  1322 | D:2      | Identified the +4 dagger of Jewioxti {spect, Fly rC- Dex+4}
  1330 | D:2      | Slain by a +4 dagger of Jewioxti {spect, Fly rC- Dex+4}

Illustrated notes

Levels and vault maps discovered:
D:1:      dpeg_arrival_arbitrary_b, layout_loops_ring
D:2:      layout_rooms

Skill      XL: |  1 |
---------------+----+-----
Dodging        | 2 |  2.2
Stealth        | 2 |  2.2
Armour         | |  0.8
Spellcasting   | |  2.3
Necromancy     | |  4.6

Action                     || total
---------------------------++-------
  Melee: Dagger            ||    17
         Kick              ||     1
   Cast: Necrotise         ||    46
 Armour: Robe              ||     8
  Dodge: Dodged            ||    10
